Map: Berlingrad LE

Players

GlutenSnake - Winner!

  • Race: Terran Terran
  • League: Diamond

Wisdom

  • Race: Zerg Zerg
  • League: Diamond

VOD

Have the link to the VOD?

Description

Time

  • Played on: Nov. 27, 2021, 10:01 p.m.
  • Length: 12:00
Show
View Real Time Build Order
Export as new Build Order

GlutenSnake Terran - Winner!

Build Orders: Reaper Expand, Hellion Banshee 

Get SALT Encoding   

  12  0:00  SCV  
  13  0:13  SCV  
  14  0:17  Supply Depot  
  14  0:26  SCV  
  15  0:39  SCV  
  15  0:40  Barracks  
  16  0:44  Refinery  
  16  0:51  SCV  
  17  1:03  SCV  
  18  1:15  SCV  
  19  1:29  Orbital Command  
  19  1:30  Reaper  
  20  1:43  Command Center  
  20  1:54  SCV  
  20  1:56  Supply Depot  
  21  2:02  Marine  
  22  2:09  Factory  
  22  2:11  SCV  
  23  2:23  SCV  
  24  2:36  SCV  
  25  2:38  Barracks Reactor  
  25  2:48  SCV  
  26  2:53  Hellion  
  26  2:55  Command Center  
  28  3:00  SCV  
  29  3:14  Orbital Command  
  29  3:16  SCV  
  30  3:25  Starport  
  30  3:28  SCV  
  30  3:29  Hellion x2  
  35  3:39  SCV  
  35  3:40  SCV  
  37  3:49  Barracks Tech Lab, Refinery  
  37  3:50  Hellion  
  37  3:52  SCV  
  40  3:56  SCV  
  41  4:04  SCV  
  41  4:08  SCV  
  43  4:10  Orbital Command  
  43  4:13  Banshee  
  43  4:16  SCV  
  47  4:19  Hellion x2  
  51  4:32  SCV x2  
  54  4:38  SCV  
  54  4:40  Marine  
  54  4:41  Cloaking Field  
  54  4:42  Hellion x2  
  54  4:45  SCV  
  60  4:51  Supply Depot  
  60  4:54  Supply Depot  
  60  4:58  Marine, Barracks  
  61  5:00  Barracks  
  61  5:09  Armory  
  61  5:13  Banshee, SCV x3  
  67  5:16  Supply Depot  
  67  5:18  Bunker  
  67  5:25  SCV x3  
  67  5:28  Hellion x2  
  74  5:29  Barracks Tech Lab  
  74  5:34  Engineering Bay  
  74  5:35  Engineering Bay  
  74  5:37  SCV x3  
  74  5:38  Barracks  
  74  5:39  Barracks  
  75  5:54  Marine x3  
  78  6:11  Marine  
  78  6:12  Marauder  
  68  6:25  SCV x2  
  68  6:26  SCV  
  68  6:29  Barracks Tech Lab  
  68  6:30  Barracks Reactor x2, Stimpack  
  68  6:31  Barracks Reactor  
  63  6:37  SCV  
  64  6:51  Marauder x2  
  68  6:58  SCV x3  
  71  7:01  Terran Infantry Weapons Level 1, Terran Infantry Armor Level 1  
  71  7:03  Orbital Command  
  71  7:04  Supply Depot x2  
  71  7:08  Marine x2  
  71  7:09  Marine x4  
  71  7:10  SCV  
  71  7:12  Marine x2  
  71  7:15  SCV  
  81  7:16  Refinery, Command Center  
  81  7:20  Refinery  
  81  7:22  Refinery x2, SCV  
  82  7:26  Marine x3, Medivac  
  86  7:32  SCV  
  86  7:33  SCV  
  86  7:34  SCV  
  89  7:41  Marine  
  89  7:42  Marine x4  
  94  7:44  Marine x3, SCV  
  94  7:50  SCV x2  
  100  7:53  Combat Shield  
  100  7:59  Marine  
  100  8:04  Barracks x2  
  100  8:05  Supply Depot, Barracks  
  101  8:07  Supply Depot  
  101  8:08  Supply Depot  
  101  8:10  Supply Depot  
  101  8:27  Marine x6, SCV x2  
  101  8:28  Marine x2, Siege Tank, SCV  
  115  8:34  Terran Vehicle Weapons Level 1  
  115  8:39  SCV x2  
  115  8:40  SCV  
  118  8:45  Marauder, Marine x5  
  118  8:46  Marine x2  
  127  8:50  Marine  
  127  8:51  SCV x2  
  130  9:02  Marine x2  
  130  9:03  Marauder  
  130  9:04  Marine  
  130  9:07  Marauder  
  126  9:24  Marauder  
  126  9:28  Marauder  
  124  9:32  Marine x9  
  124  9:36  Medivac  
  124  9:37  Medivac, Siege Tank  
  125  9:46  Marauder  
  125  9:49  Marauder, Marine x2  
  125  9:50  Marine x3  
  134  9:53  Marine  
  134  9:54  SCV x3  
  134  9:56  Planetary Fortress  
  141  10:03  Barracks Tech Lab  
  141  10:04  Barracks Reactor  
  141  10:05  Barracks Reactor  
  141  10:06  SCV x3  
  141  10:07  Marauder, Marine x4  
  147  10:14  Supply Depot  
  147  10:17  Supply Depot  
  147  10:18  Supply Depot, SCV  
  148  10:24  Supply Depot  
  148  10:26  Supply Depot  
  148  10:36  Marauder x2, Marine, SCV x3  
  148  10:39  Marauder, Marine x5, Medivac x2, Siege Tank, SCV  
  148  10:40  Supply Depot  
  148  10:41  Command Center  
  171  10:44  Refinery  
  171  10:48  SCV  
  171  10:49  Marine x2  
  173  10:53  SCV x2  
  173  10:54  Marine x3, Refinery, SCV  
  173  10:57  Marine x2  
  180  10:58  Marauder x2  
  180  11:01  Marauder  
  188  11:09  Medivac x2  
  190  11:11  Siege Tank  
  153  11:19  Marauder x2, Marine x5  
  153  11:20  Marine x3  
  153  11:22  Marauder  
  164  11:38  Marine x6  
  170  11:41  Marine x3  
Show
View Real Time Build Order
Export as new Build Order

Wisdom Zerg 

Build Orders: Hatch First 

Get SALT Encoding   

  12  0:00  Drone  
  13  0:12  Overlord  
  13  0:17  Drone  
  14  0:31  Drone x2  
  14  0:35  Drone  
  17  0:52  Hatchery  
  17  0:57  Drone  
  17  0:58  Drone  
  18  1:11  Spawning Pool  
  18  1:14  Drone  
  18  1:19  Drone  
  19  1:40  Drone  
  19  1:42  Hatchery  
  19  1:49  Overlord  
  19  1:58  Queen  
  21  2:05  Queen  
  23  2:11  Zergling x4  
  25  2:16  Drone  
  26  2:28  Spine Crawler  
  25  2:33  Extractor  
  26  2:45  Queen  
  26  2:46  Queen  
  26  2:47  Drone x2  
  26  2:48  Drone x3  
  35  3:07  Drone  
  35  3:08  Drone x4  
  39  3:17  Drone x2  
  41  3:33  Overlord  
  41  3:34  Overlord, Extractor  
  41  3:35  Overlord  
  40  3:48  Drone  
  40  3:51  Queen  
  40  3:53  Drone x3  
  40  3:55  Drone x5  
  51  4:17  Overlord  
  51  4:18  Overlord  
  51  4:19  Overlord  
  51  4:24  Drone x5  
  54  4:53  Spore Crawler  
  54  4:55  Spore Crawler  
  54  4:57  Spore Crawler  
  54  4:59  Drone x2, Extractor  
  53  5:00  Drone x3, Extractor  
  53  5:01  Drone x2  
  53  5:02  Drone x2  
  53  5:05  Metabolic Boost  
  58  5:20  Zergling x2  
  58  5:21  Zergling x18  
  68  5:25  Lair  
  68  5:32  Hatchery  
  67  5:38  Evolution Chamber, Drone x2  
  67  5:39  Drone  
  67  5:40  Evolution Chamber  
  67  5:41  Baneling Nest  
  67  5:48  Queen x2  
  71  5:50  Zergling x2  
  71  5:51  Zergling x18  
  81  6:00  Overlord x2  
  81  6:01  Overlord x3  
  72  6:23  Zergling x16  
  72  6:24  Queen  
  65  6:37  Overseer  
  65  6:47  Queen x3  
  65  6:49  Zerg Ground Armor Level 1, Zerg Melee Weapons Level 1  
  70  6:59  Queen  
  70  7:01  Centrifugal Hooks  
  72  7:07  Spire  
  72  7:08  Drone x7  
  72  7:09  Drone x2, Zergling x2  
  72  7:10  Zergling x10  
  82  7:34  Zergling x16  
  82  7:35  Zergling x6  
  90  7:50  Hatchery  
  89  7:54  Drone x3, Extractor  
  89  7:55  Drone x2  
  89  7:56  Hatchery, Drone, Extractor  
  89  7:57  Drone x2  
  89  7:58  Drone x4  
  98  8:13  Pneumatized Carapace  
  98  8:15  Zergling x28  
  98  8:19  Zerg Flyer Weapons Level 1  
  112  8:25  Overlord x3  
  112  9:00  Hatchery  
  112  9:04  Baneling  
  112  9:05  Baneling x21  
  111  9:16  Zerg Ground Armor Level 2, Zerg Melee Weapons Level 2  
  111  9:17  Mutalisk x3  
  89  9:48  Zergling x2  
  89  9:50  Zergling x2  
  89  9:51  Zergling x56  
  89  9:52  Zergling x2  
  120  9:56  Mutalisk  
  122  10:00  Infestation Pit  
  122  10:05  Drone  
  122  10:06  Drone x3, Extractor  
  124  10:22  Mutalisk  
  124  10:25  Overlord x5  
  124  10:26  Overlord x2  
  126  10:29  Hatchery, Baneling  
  126  10:30  Baneling x16  
  126  10:31  Zergling x2  
  126  10:32  Zergling x4  
  128  10:48  Mutalisk  
  128  10:49  Mutalisk x3  
  97  11:23  Zergling x8  
  97  11:24  Zergling x28  
Tags
 
Add a new tag
Caveats
  • Supply blocks, unpowered buildings, or Contaminate may cause inaccurate times.
  • Supply counts are checked every 10 seconds.